 Dungeon Sprint DCSS version 0.30.1-4-g462c640d31 (webtiles) character file.

Game seed: 1565039230602722773

6377 Heoruswealwe the Sorcerer (level 10, -26/40 HPs)
             Began as a Deep Elf Earth Elementalist on Aug 30, 2023.
             Was a High Priest of Vehumet.
             Shot with an arrow by a centaur warrior (33 damage)
             ... in the Dungeon (Sprint I: "Red Sonja").
             The game lasted 00:14:04 (1205 turns).

Heoruswealwe the Sorcerer (DEEE)                    Turns: 1205, Time: 00:14:05

Health: -26/40     AC:  4    Str:  3 (4)  XL:     10   Next: 65%
Magic:  12/38      EV: 13    Int: 24      God:    Vehumet [*****.]
Gold:   529        SH:  0    Dex: 22      Spells: 44/54 levels left

rFire   . . .        a - +0 club
rCold   . . .        (no shield)
rNeg    + . .        c - +0 robe
rPois   .            (no helmet)
rElec   .            (no cloak)
rCorr   .            (no gloves)
SInv    +            e - +2 pair of boots "Bempoi" {rN+ Will+ Dex+3}
Will    ++...        (no amulet)
Stlth   +++          k - ring of see invisible
HPRegen 0.26/turn    (no ring)
MPRegen 0.26/turn

%: no teleportation
@: unable to drink
A: agile 1, deformed body, deterioration 1, frail 2, subdued magic 1, inability
to drink after injury 1, devolution 1
a: Renounce Religion


You were in the Dungeon.
You worshipped Vehumet.
Vehumet was extremely pleased with you.
You visited 1 branch You collected 923 gold pieces.
You spent 394 gold pieces at shops.

Inventory:

Hand Weapons
 a - a +0 club (weapon)
 j - a +0 longbow of draining
Armour
 c - a +0 robe (worn)
 e - the +2 pair of boots "Bempoi" (worn) {rN+ Will+ Dex+3}
   (You bought it in a shop in the Dungeon)

   Dex:       It affects your dexterity (+3).
   rN:        It protects you from negative energy.
   Will:      It increases your willpower.
Jewellery
 k - a ring of see invisible (left hand)
Wands
 g - a wand of polymorph (13)
 i - a wand of digging (5)
Scrolls
 h - a scroll of identify {unknown}
Potions
 b - 2 potions of magic
 f - 3 potions of curing


   Skills:
 - Level 2.4 Dodging
 - Level 2.4 Stealth
 + Level 22.8 Spellcasting
 - Level 1.1 Transmutations
 + Level 19.7 Earth Magic


You had 44 spell levels left.
You knew the following spells:

 Your Spells              Type           Power      Damage    Failure   Level
a - Sandblast             Erth           100%       2d20      0%          1
b - Stone Arrow           Conj/Erth      100%       3d13      1%          3
c - Petrify               Tmut/Erth      56%        N/A       1%          4
z - Passwall              Tmut/Erth      46%        N/A       0%          2

Your spell library contained the following spells:

 Spells                   Type           Power      Damage    Failure   Level
 Arcjolt                  Conj/Air       10%        1d20      9%          5


Dungeon Overview and Level Annotations

Branches:
Dungeon (1/1)

Altars:
Cheibriados
Dithmenos
Elyvilon
Fedhas
Gozag
Hepliaklqana
Kikubaaqudgha
Makhleb
Nemelex Xobeh
Okawaru
Qazlal
Ru
Sif Muna
Trog
Uskayaw
Vehumet
Wu Jian
Xom
Yredelemnul
Zin
The Shining One
Jiyva
Lugonu

Shops:
D [=[[(([


Innate Abilities, Weirdness & Mutations

You are agile. (Dex +4, Str/Int -1)
Armour fits poorly on your strangely shaped body.
Your body sometimes deteriorates upon taking damage.
You are very frail. (-20% HP)
Your spells are a little easier to cast, but a little less powerful.
You occasionally lose the ability to drink potions when taking damage.
You have hidden genetic defects.


Message History

Vehumet offers you knowledge of Arcjolt.
Your life force feels restored.
You see here a +0 flail.
A hornet and a centaur warrior come into view.
The hornet moves out of view.
The centaur warrior moves out of view.
You feel a genetic drift.
You feel frail.
There is an open door, spattered with blood here.
You see here a +0 longbow of draining.
j - a +0 longbow of draining Which direction?
You close the door.
You can drink potions again.
Okay, then.
A centaur warrior opens the door.
You feel much better.
Casting: Stone Arrow (safe; 1% risk of failure)
Confirm with . or Enter, or press ? or * to list all spells.
Aiming: Petrify (safe; 1% risk of failure)
Press: ? - help, Shift-Dir - straight line, f - centaur warrior
Aim: a centaur warrior (purple smoke, wandering, hasn't noticed you, chance to affect: 57%)
The centaur warrior shouts!
The centaur warrior resists with significant effort.
The centaur warrior wields a +0 shortbow of freezing.
It is covered in frost.
The centaur warrior shoots an arrow.
The arrow hits you!!
Ouch! That really hurt!
The arrow freezes you!
* * * LOW HITPOINT WARNING * * *
Your body deteriorates!
You feel weakened.
Casting: Petrify (safe; 1% risk of failure)
Confirm with . or Enter, or press ? or * to list all spells.
Aiming: Petrify (safe; 1% risk of failure)
Press: ? - help, Shift-Dir - straight line, f/p - centaur warrior
Aim: a centaur warrior, wielding a +0 shortbow of freezing (purple smoke, chance to affect: 57%)
The centaur warrior is moving more slowly.
The centaur warrior shoots an arrow.
The arrow hits you!!
You feel threatened and lose the ability to drink potions!
Ouch! That really hurt!
You die...

..)..#..').#..'..'..#...#
..#####'#####'#__####...+
..####..#...#(####!)#####
..#__####..##.#~~~.§#..#
..#_____##'#_.+§§§.§'.y#
⌠⌠#_.∩...'..._#~~§..#
###_..__##_.#'##c###
..#_____###)#.#..)[###
###########.####@###.##
∩........'...'.....'(∩#
##''''####...##########
.......####.###
........#.#'#.#
..#.....#.....#
........#.).(.#
.....#..####### ........#


You could see a centaur warrior (petrifying).

Vanquished Creatures
  A centaur warrior (D)
  Sonja (D)
  A deep troll (D)
  8 shining eyes (D)
  2 kobold demonologists (D)
  A slime creature (D)
  Sigmund (D)
  A yak (D)
  5 floating eyes (D)
  An ogre (D)
  A jelly (D)
  Ijyb (D)
24 creatures vanquished.

Vanquished Creatures (others)
  2 ballistomycete spores (D)
2 creatures vanquished.

Grand Total: 26 creatures vanquished

Notes
Turn   | Place    | Note
-------+----------+-------------------------------------------
     0 | D        | Heoruswealwe the Deep Elf Earth Elementalist began the
                  | quest for the Orb.
     0 | D        | Reached XP level 1. HP: 10/10 MP: 6/6
     1 | D        | Noticed Ijyb
    22 | D        | Killed Ijyb
    23 | D        | Reached skill level 6 in Spellcasting
    23 | D        | Reached skill level 5 in Earth Magic
    23 | D        | Reached XP level 2. HP: 7/15 MP: 7/11
    29 | D        | Learned a level 2 spell: Passwall
    92 | D        | Noticed an ogre
    97 | D        | Killed an ogre
    98 | D        | Reached skill level 9 in Spellcasting
    98 | D        | Reached XP level 3. HP: 19/19 MP: 9/15
    98 | D        | Reached XP level 4. HP: 24/24 MP: 10/17
   102 | D        | Learned a level 3 spell: Stone Arrow
   107 | D        | Learned a level 4 spell: Petrify
   140 | D        | Noticed Sigmund
   142 | D        | Killed Sigmund
   143 | D        | Reached skill level 11 in Spellcasting
   143 | D        | Reached skill level 10 in Earth Magic
   143 | D        | Reached XP level 5. HP: 19/28 MP: 12/21
   143 | D        | Reached XP level 6. HP: 22/32 MP: 12/22
   197 | D        | Found an ornate altar of the Wu Jian Council.
   197 | D        | Found a shimmering blue altar of Sif Muna.
   200 | D        | Reached skill level 12 in Spellcasting
   200 | D        | Found a radiant altar of Vehumet.
   213 | D        | Became a worshipper of Vehumet
   229 | D        | Found Umul's Antique Armour Emporium.
   229 | D        | Found an ancient bone altar of Kikubaaqudgha.
   229 | D        | Found a hazy altar of Hepliaklqana.
   229 | D        | Found a stormy altar of Qazlal.
   229 | D        | Found a hide-covered altar of Uskayaw.
   229 | D        | Found a blossoming altar of Fedhas.
   229 | D        | Found a bloodstained altar of Trog.
   229 | D        | Found an iron altar of Okawaru.
   229 | D        | Found a basalt altar of Yredelemnul.
   229 | D        | Found a glowing golden altar of the Shining One.
   229 | D        | Found a snail-covered altar of Cheibriados.
   229 | D        | Found a sacrificial altar of Ru.
   229 | D        | Found a glowing silver altar of Zin.
   229 | D        | Found a shadowy altar of Dithmenos.
   229 | D        | Found a white marble altar of Elyvilon.
   229 | D        | Noticed a yak
   243 | D        | Killed a yak
   244 | D        | Reached skill level 13 in Spellcasting
   249 | D        | Found an opulent altar of Gozag.
   250 | D        | Found a sparkling altar of Nemelex Xobeh.
   323 | D        | Found a burning altar of Makhleb.
   323 | D        | Found a viscous altar of Jiyva.
   323 | D        | Found a shimmering altar of Xom.
   323 | D        | Found a corrupted altar of Lugonu.
   323 | D        | Noticed a slime creature
   335 | D        | Killed a slime creature
   336 | D        | Reached skill level 14 in Spellcasting
   336 | D        | Reached XP level 7. HP: 36/36 MP: 16/27
   387 | D        | Noticed a kobold demonologist
   388 | D        | Noticed a kobold demonologist
   389 | D        | Reached * piety under Vehumet
   389 | D        | Offered knowledge of Foxfire by Vehumet.
   390 | D        | Reached skill level 15 in Spellcasting
   391 | D        | Killed a kobold demonologist
   396 | D        | Noticed a ynoxinul
   397 | D        | Noticed a neqoxec
   397 | D        | Killed a kobold demonologist
   398 | D        | Reached skill level 16 in Spellcasting
   398 | D        | Reached XP level 8. HP: 28/41 MP: 3/30
   520 | D        | Noticed Sonja
   524 | D        | Killed Sonja
   524 | D        | Offered knowledge of Poisonous Vapours by Vehumet.
   524 | D        | Reached ** piety under Vehumet
   525 | D        | Reached skill level 17 in Spellcasting
   525 | D        | Reached skill level 15 in Earth Magic
   618 | D        | Found Pauhux's Antique Armour Boutique.
   638 | D        | Noticed a deep troll
   653 | D        | Killed a deep troll
   654 | D        | Reached skill level 18 in Spellcasting
   654 | D        | Reached XP level 9. HP: 45/45 MP: 14/33
   667 | D        | Found Jyklomm's Armour Emporium.
   708 | D        | Bought a pair of distressingly furry boots for 199 gold
                  | pieces
   708 | D        | Identified the +2 pair of boots "Bempoi" {rN+ Will+ Dex+3}
                  | (You bought it in a shop in the Dungeon)
   737 | D        | Noticed a shining eye
   737 | D        | Noticed a shining eye
   737 | D        | Noticed a shining eye
   740 | D        | Paralysed by a floating eye for 2 turns
   741 | D        | Gained mutation: You are dopey. (Int -2) [a shining eye]
   745 | D        | Reached skill level 19 in Spellcasting
   752 | D        | Gained mutation: You have hidden genetic defects. [a
                  | shining eye]
   753 | D        | Killed a shining eye
   753 | D        | Offered knowledge of Searing Ray by Vehumet.
   820 | D        | Killed a shining eye
   820 | D        | Reached *** piety under Vehumet
   821 | D        | Reached skill level 20 in Spellcasting
   827 | D        | Gained mutation: You are frail. (-10% HP) [hidden defects]
   864 | D        | Killed a shining eye
   864 | D        | Noticed a shining eye
   866 | D        | Gained mutation: You are agile. (Dex +4, Str/Int -1) [a
                  | shining eye]
   868 | D        | Killed a shining eye
   868 | D        | Reached **** piety under Vehumet
   869 | D        | Reached skill level 21 in Spellcasting
   869 | D        | Reached XP level 10. HP: 45/45 MP: 14/37
   874 | D        | Gained mutation: You occasionally lose the ability to drink
                  | potions when taking damage. [hidden defects]
   874 | D        | Lost mutation: You have hidden genetic defects. [hidden
                  | defects expressed]
   963 | D        | Noticed a shining eye
   963 | D        | Noticed a shining eye
   971 | D        | Killed a shining eye
   971 | D        | Offered knowledge of Volatile Blastmotes by Vehumet.
   985 | D        | Gained mutation: Your body sometimes deteriorates upon
                  | taking damage. [a shining eye]
   997 | D        | Killed a shining eye
  1000 | D        | Noticed a shining eye
  1000 | D        | Noticed a shining eye
  1007 | D        | Lost mutation: You are dopey. (Int -2) [a shining eye]
  1008 | D        | Gained mutation: Armour fits poorly on your strangely
                  | shaped body. [a shining eye]
  1018 | D        | Killed a shining eye
  1018 | D        | Reached ***** piety under Vehumet
  1019 | D        | Reached skill level 22 in Spellcasting
  1020 | D        | Gained mutation: You have hidden genetic defects. [a
                  | shining eye]
  1021 | D        | Gained mutation: Your spells are a little easier to cast,
                  | but a little less powerful. [a shining eye]
  1022 | D        | Killed a shining eye
  1145 | D        | Found Imizxuos's Jewellery Shoppe.
  1145 | D        | Found Seebato's Weapon Shop.
  1145 | D        | Found Tetouwew's Armour Emporium.
  1145 | D        | Found Anucvunk's Antique Weapon Boutique.
  1149 | D        | Bought a ring of see invisible for 195 gold pieces
  1186 | D        | Noticed a centaur warrior
  1194 | D        | Killed a centaur warrior
  1194 | D        | Offered knowledge of Arcjolt by Vehumet.
  1196 | D        | Noticed a centaur warrior
  1196 | D        | Gained mutation: You are very frail. (-20% HP) [hidden
                  | defects]
  1205 | D        | Shot with an arrow by a centaur warrior

Illustrated notes

Levels and vault maps discovered:
D:        dungeon_sprint_1 [red_sonja_temple_1, red_sonja_temple_small_1]

Skill      XL: |  1  2  3  4  5  6  7  8  9 10 |
---------------+-------------------------------+-----
Spellcasting   | 6 9 11 14 16 18 21 22 | 22.8
Earth Magic    | 5 7 10 12 14 16 18 19 | 19.7
Dodging        | |  2.4
Stealth        | |  2.4
Transmutations | |  1.1

Action                     |  1- 3 |  4- 6 |  7- 9 | 10-12 || total
---------------------------+-------+-------+-------+-------++-------
  Melee: Unarmed           |    18 |       |       |       ||    18
   Cast: Sandblast         |     3 |    15 |     2 |       ||    20
         Passwall          |     2 |       |       |       ||     2
         Stone Arrow       |       |     2 |    40 |    21 ||    63
         Petrify           |       |     3 |     3 |     4 ||    10
    Use: Potion            |     2 |       |     1 |     1 ||     4
         Scroll            |     1 |       |       |       ||     1
 Armour: Robe              |     1 |       |       |       ||     1
  Dodge: Dodged            |     8 |     1 |     3 |     1 ||    13
